 Dungeon Crawl Stone Soup version 0.29-a0-1027-gcd8c55af63 (webtiles) character file.

Game seed: 16894960933070603303

1507 nicolae the Changer (level 8, -2/70 HPs)
             Began as a Green Draconian Transmuter on Aug 12, 2022.
             Was an Initiate of Gozag.
             Slain by Duvessa
             ... wielding a +0 short sword
              (6 damage)
             ... on level 6 of the Dungeon.
             The game lasted 00:12:42 (8704 turns).

nicolae the Changer (Green Draconian Transmuter)    Turns: 8704, Time: 00:12:43

Health: -2/70      AC:  7    Str: 19    XL:     8   Next: 52%
Magic:  8/11       EV: 10    Int: 16    God:    Gozag
Gold:   334        SH:  0    Dex: 11    Spells: 1/11 levels left

rFire   x . .      SeeInvis .     - Unarmed
rCold   + + +      Faith    .   (shield currently unavailable)
rNeg    . . .      Spirit   .   (body armour unavailable)
rPois   +          Reflect  .   (helmet currently unavailable)
rElec   .          Harm     .   (cloak currently unavailable)
rCorr   .          Rampage  .   (gloves currently unavailable)
Will    .....                   (boots currently unavailable)
Stlth   +.........              (no amulet)
HPRegen 0.21/turn               k - +4 ring of slaying
MPRegen 0.12/turn               f - +6 ring of strength

@: lit by a corona, ice-form, gold aura, glowing
A: freezing attack, amphibious, boosted hp, (breathe noxious fumes), AC +6,
large, unfitting armour, (poison resistance), (cold-blooded)
a: End Transformation, Renounce Religion, Potion Petition, Call Merchant, Bribe
Branch


You were on level 6 of the Dungeon.
You worshipped Gozag.
Gozag was aware of your devotion.
You were a creature of crystalline ice.
You visited 2 branches of the dungeon, and saw 7 of its levels.

You collected 442 gold pieces.
You paid 108 gold pieces to Gozag.

Inventory:

Missiles
 c - 2 throwing nets
 h - 2 javelins
 o - 3 silver javelins
 t - 12 boomerangs
Armour
 w - a +0 cloak (melded)
 x - a +0 pair of gloves (melded)
Jewellery
 f - a +6 ring of strength (right front paw)
 k - a +4 ring of slaying (left front paw)
Wands
 g - a wand of mindburst (5)
 n - a wand of roots (8)
Scrolls
 b - 2 scrolls of silence
 i - 3 scrolls of magic mapping
 j - 3 scrolls of fog
 l - 3 scrolls of teleportation
 p - a scroll of vulnerability
 q - a scroll of amnesia {unknown}
 v - a scroll of enchant armour {unknown}
Potions
 a - a potion of lignification
 d - a potion of ambrosia {unknown}
 e - 3 potions of curing
 m - a potion of mutation


   Skills:
 - Level 1.1 Fighting
 - Level 1.7 Dodging
 - Level 4.5 Unarmed Combat
 - Level 2.0 Spellcasting
 + Level 7.2 Transmutations
 - Level 5.0 Ice Magic
 - Level 6.0 Poison Magic


You had one spell level left.
You knew the following spells:

 Your Spells              Type           Power      Damage    Failure   Level
a - Beastly Appendage     Tmut           48%        N/A       1%          1
b - Wereblood             Tmut           24%        N/A       1%          2
c - Spider Form           Tmut/Pois      22%        N/A       4%          3
d - Ice Form              Ice/Tmut       21%        N/A       17%         4

Your spell library contained the following spells:

 Spells                   Type           Power      Damage    Failure   Level
 Magic Dart               Conj           4%         1d3       21%         1
 Passwall                 Tmut/Erth      10%        N/A       7%          2
 Ensorcelled Hibernation  Hex/Ice        18%        N/A       11%         2
 Searing Ray              Conj           2%         2d4       30%         2
 Swiftness                Air            1%         N/A       52%         3
 Fulminant Prism          Conj/Hex       0%         3d6       90%         4


Dungeon Overview and Level Annotations

Branches:
Dungeon (6/15)             Temple (1/1) D:6

Altars:
Ashenzari
Dithmenos
Elyvilon
Gozag
Hepliaklqana
Kikubaaqudgha
Makhleb
Nemelex Xobeh
Okawaru
Qazlal
Ru
Sif Muna
Trog
Vehumet
Wu Jian
Xom
Yredelemnul
Zin

Annotations:
D:4 3 runed translucent doors, gdog's ghost, amateur GnDe
D:6 Duvessa


Innate Abilities, Weirdness & Mutations

You are a creature of crystalline ice.
You have a powerful freezing melee attack.
You are amphibious.
Your maximum health is increased.
Your armour is entirely melded.
You are incapable of wielding weapons or throwing items.
((You can breathe blasts of noxious fumes.))
((Your lurid green scales are hard. (AC +6)))
You cannot fit into any form of body armour.
((Your system is resistant to poisons. (rPois)))
((You are cold-blooded and may be slowed by cold attacks.))


Message History

Confirm with . or Enter, or press ? or * to list all spells.
Your horns disappear.
Your talons disappear.
You turn into a creature of crystalline ice.
Your +0 cloak melds into your body.
Your +0 pair of gloves melds into your body.
Dowan hits you but does no damage.
You pummel Dowan!! You freeze Dowan.
Dowan is almost dead.
Dowan casts a spell at you.
You are outlined in light.
You pummel Dowan!! You freeze Dowan.
You kill Dowan!
You hear a distant scream of rage.
You now have 334 gold pieces (gained 8).
q - a scroll labelled VUUMMA INLASH
Things that are here:
a +0 dagger; a +0 robe You see here 4 gold pieces.
Duvessa shouts!
Duvessa goes berserk!
Duvessa hits you with a +0 short sword.
You punch Duvessa! You freeze Duvessa.
Duvessa is moderately wounded.
Duvessa hits you with a +0 short sword!
You punch Duvessa! You freeze Duvessa.
Duvessa is moderately wounded.
Duvessa hits you with a +0 short sword.
You hit Duvessa. You freeze Duvessa.
Duvessa is heavily wounded.
Duvessa hits you with a +0 short sword! x2
* * * LOW HITPOINT WARNING * * *
You hit Duvessa. You freeze Duvessa.
Duvessa is heavily wounded.
Duvessa hits you with a +0 short sword!
* * * LOW HITPOINT WARNING * * *
You punch Duvessa! You freeze Duvessa.
Duvessa is almost dead.
Duvessa hits you with a +0 short sword.
You die...
Your body crumbles into a pile of gold.

##.....) .. #.(.....
#######'#######....(.
#.......##...##..##.#
#...........##..##'#
#<.$....$....#......
##......$$....#......
#...)..###..###..####
####Ye.###..#########
#.....#...#.......#
#.....#...#.......'
##$)..#g..#......##
#[.###.######...##
#..###'######...##
#.......#..#.....#
#).........#.....'
#...8.8.8.###...##


You could see Duvessa (berserk).

Vanquished Creatures
  Maggie (D:5)
  Grinder (D:6)
  An ice beast (D:5)
  2 ogres (D:5)
  A bullfrog (D:6)
  2 scorpions
  Dowan (D:6)
  A hound (D:5)
  A jelly (D:3)
  3 orc priests
  A gnoll bouda (D:5)
  2 iguanas (D:5)
  3 orc wizards
  8 gnolls
  5 adders
  A shadow imp (D:6)
  A white imp (D:5)
  An ufetubus (D:5)
  A worm (D:3)
  A dart slug (D:3)
  11 orcs
  5 ball pythons
  5 bats
  8 endoplasms
  3 giant cockroaches (D:1)
  6 goblins
  10 hobgoblins
  3 jackals (D:2)
  5 quokkas
  7 frilled lizards
  8 kobolds
  A rat (D:1)
110 creatures vanquished.

Notes
Turn   | Place    | Note
-------+----------+-------------------------------------------
     0 | D:1      | nicolae the Draconian Transmuter began the quest for the
                  | Orb.
     0 | D:1      | Reached XP level 1. HP: 16/16 MP: 3/3
   278 | D:1      | Reached XP level 2. HP: 23/23 MP: 3/5
   281 | D:1      | Learned a level 2 spell: Wereblood
   514 | D:1      | Reached skill level 3 in Transmutations
   699 | D:1      | Found a faded altar of an unknown god.
   864 | D:1      | Reached XP level 3. HP: 28/28 MP: 4/6
  1501 | D:2      | Reached skill level 4 in Transmutations
  1522 | D:2      | You fall into a shaft and drop 2 floors!
  1901 | D:2      | Reached XP level 4. HP: 35/35 MP: 5/7
  2190 | D:2      | Learned a level 3 spell: Spider Form
  2933 | D:3      | Reached skill level 5 in Transmutations
  3394 | D:3      | Identified a scroll of acquirement
  3396 | D:3      | Acquired a book of Burglary
  3450 | D:4      | Found an ornate altar of the Wu Jian Council.
  3516 | D:4      | Reached skill level 1 in Poison Magic
  3520 | D:4      | Reached XP level 5. HP: 19/40 MP: 2/8
  4205 | D:4      | Found a runed translucent gate.
  4206 | D:4      | Found a runed translucent gate.
  4207 | D:4      | Found a runed translucent gate.
  4208 | D:4      | Noticed gdog's ghost (amateur GnDe)
  4484 | D:4      | Found a glowing silver altar of Zin.
  4547 | D:4      | Identified the +8 short sword "Sefonang" {venom, rElec
                  | Will- Str+6 Int+3}
  4547 | D:4      | Identified the +3 scale mail "Sesuf" {Int+2 Dex+3}
  4697 | D:5      | Entered Level 5 of the Dungeon
  4706 | D:5      | Noticed an ice beast
  4725 | D:5      | Killed an ice beast
  4726 | D:5      | Reached XP level 6. HP: 18/47 MP: 9/9
  5714 | D:5      | Reached skill level 5 in Poison Magic
  5996 | D:6      | Found a staircase to the Ecumenical Temple.
  6003 | Temple   | Entered the Ecumenical Temple
  6003 | Temple   | Found a transporter.
  6003 | Temple   | Found a transporter.
  6005 | Temple   | Found a transporter.
  6005 | Temple   | Found a transporter.
  6021 | Temple   | Became a worshipper of Gozag Ym Sagoz the Greedy
  6395 | D:6      | Your scales start taking on a lurid green colour.
  6395 | D:6      | Reached XP level 7. HP: 52/52 MP: 8/10
  6395 | D:6      | Gained mutation: Your system is resistant to poisons.
                  | (rPois) [Green Draconian growth]
  6451 | D:6      | Noticed Maggie
  6458 | D:5      | HP: 2/52 [gnoll/+0 spear[a gnoll bouda] (6)]
  6949 | D:6      | Noticed Duvessa
  7459 | D:5      | Learned a level 4 spell: Ice Form
  7547 | D:5      | Reached skill level 1 in Ice Magic
  7809 | D:5      | Killed Maggie
  8164 | D:6      | Reached XP level 8. HP: 47/59 MP: 8/11
  8172 | D:6      | Noticed Grinder
  8178 | D:6      | Killed Grinder
  8178 | D:6      | Noticed Dowan
  8179 | D:6      | Reached skill level 5 in Ice Magic
  8179 | D:6      | Reached skill level 6 in Transmutations
  8576 | D:6      | Found a shimmering blue altar of Sif Muna.
  8673 | D:6      | Reached skill level 7 in Transmutations
  8693 | D:6      | Killed Dowan
  8704 | D:6      | Slain by Duvessa

Illustrated notes

Levels and vault maps discovered:
D:1:      minmay_arrival_cross, layout_loops_corners,
          shapermc_ecumenical_altar_venn
D:2:      layout_basic
D:3:      layout_basic
D:4:      layout_layer_cave, lemuel_coloured_pillars_altar,
          mainiacjoe_overflow_catwalk, biasface_ghost_orc_armoury
D:5:      layout_basic
D:6:      layout_gridville, nicolae_sif_muna_condensation,
          minmay_temple_entry_statues_fountains, uniq_duvessa, uniq_maggie,
          uniq_grinder
Temple:   hellmonk_temple_divided_pantheon

Skill      XL: |  1  2  3  4  5  6  7  8 |
---------------+-------------------------+-----
Transmutations | 3 4 5 7 |  7.2
Poison Magic   | 1 3 6 |  6.0
Unarmed Combat | 4 |  4.5
Ice Magic      | 4 5 |  5.0
Fighting       | |  1.1
Dodging        | |  1.7
Spellcasting   | |  2.0

Action                   |  1- 3 |  4- 6 |  7- 9 || total
-------------------------+-------+-------+-------++-------
Melee: Unarmed           |   107 |   103 |    70 ||   280
       Headbutt          |    16 |    13 |    11 ||    40
       Kick              |    16 |    20 |    19 ||    55
       Tailslap          |     6 |    13 |    12 ||    31
       Punch             |       |     1 |     2 ||     3
 Cast: Beastly Appendage |    33 |    30 |     9 ||    72
       Wereblood         |     1 |     3 |     2 ||     6
       Spider Form       |       |     1 |       ||     1
       Ice Form          |       |       |     1 ||     1
 Abil: Breathe Noxious F |       |       |     1 ||     1
  Use: Scroll            |     2 |    13 |     1 ||    16
       Potion            |       |     4 |     1 ||     5
 Stab: Sleeping          |       |     1 |       ||     1
Armor: Skin              |    24 |    29 |    13 ||    66
Dodge: Dodged            |    57 |    64 |    43 ||   164

Table legend: (Time is in decaauts)
 A = Elapsed time spent in this place.
 B = Non-inter-level travel time spent in this place.
 C = Inter-level travel time spent in this place.
 D = Time resting spent in this place.
 E = Time spent auto-exploring this place.
 F = Levels seen in this place.
 G = Mean time per level.
                   A        B        C        D        E       F      G
               +--------+--------+--------+--------+--------+-----+--------+
         Total |   8676 |   8221 |    455 |   2770 |   4309 |   7 | 1239.4 |
       Dungeon |   8625 |   8181 |    444 |   2770 |   4302 |   6 | 1437.5 |
        Temple |     50 |     39 |     11 |      0 |      7 |   1 |   50.0 |
               +--------+--------+--------+--------+--------+-----+--------+

Top non-repeatable levels by time:
     D:5: 2941 daAuts
     D:4: 2009 daAuts
     D:1: 1184 daAuts
     D:3: 1125 daAuts
     D:2: 1000 daAuts
     D:6: 363 daAuts
  Temple: 50 daAuts
